 Dungeon Crawl Stone Soup version 0.31-a0-187-gba352fbbf7 (webtiles) character file.

Game seed: 443121909568980948

114 qw the Skirmisher (level 4, -3/25 HPs)
             Began as a Deep Elf Hunter on June 22, 2023.
             Killed by nerve-wracking pain
             ... invoked by an orc priest
              (9 damage)
             ... on level 2 of the Dungeon.
             The game lasted 00:00:49 (1802 turns).

qw the Skirmisher (Deep Elf Hunter)                 Turns: 1802, Time: 00:00:49

Health: -3/25      AC:  5    Str: 10    XL:     4   Next: 66%
Magic:  6/6        EV: 11    Int: 14    God:
Gold:   72         SH:  0    Dex: 18    Spells: 3/3 levels left

rFire   . . .        Y - +1 shortbow
rCold   . . .        (shield currently unavailable)
rNeg    . . .        a - +0 ring mail
rPois   .            (no helmet)
rElec   .            e - scarf {repulsion}
rCorr   .            (no gloves)
SInv    .            (no boots)
Will    .....        (no amulet)
Stlth   +            (no ring)
HPRegen 0.24/turn    (no ring)
MPRegen 0.10/turn

%: repel missiles
@: no status effects
A: no striking features
a: no special abilities


You were on level 2 of the Dungeon.
You visited 1 branch of the dungeon, and saw 3 of its levels.

You collected 72 gold pieces.


   Skills:
 - Level 1.5 Fighting
 + Level 8.1 Ranged Weapons
 - Level 2.4 Dodging
 - Level 1.2 Stealth


You had 3 spell levels left.
You didn't know any spells.
Your spell library was empty.

Inventory:

Hand Weapons
 Y - a +1 shortbow (weapon)
Armour
 a - a +0 ring mail (worn)
 e - a scarf of repulsion (worn)
Scrolls
 b - a scroll of identify
Potions
 d - a potion of haste {unknown}
 h - a potion of curing
 i - a potion of enlightenment {unknown}

Dungeon Overview and Level Annotations

Branches:
Dungeon (3/15)

Altars:

Shops:
D:1 !


Message History

(D) Dungeon
Where to? (* - list waypoints, Enter - D:3, ? - help)
What level of the Dungeon? (default 1, ? - help)
You climb downwards.
There is a stone staircase leading up here.
There are monsters nearby!
You shoot an arrow.
The arrow hits the worm but does no damage.
You shoot an arrow.
The arrow hits the orc priest but does no damage.
The orc priest hits you but does no damage.
You shoot an arrow.
The arrow hits the orc priest but does no damage.
The orc priest hits you but does no damage.
The worm bites you!
1795 ||| STAIRDANCE The orc priest misses you.
You climb upwards.
There is a stone staircase leading down here.
You shoot an arrow.
The arrow closely misses the orc priest.
The worm bites you. The orc priest hits you with a +0 club.
You shoot an arrow.
The arrow hits the orc priest but does no damage.
The orc priest barely misses you. The worm bites you but does no damage.
You shoot an arrow. The arrow hits the orc priest.
The orc priest is lightly wounded.
The orc priest closely misses you.
You shoot an arrow. The arrow hits the orc priest!
The orc priest is severely wounded.
The orc priest hits you with a +0 club. The worm bites you but does no damage.
You shoot an arrow. The arrow hits the orc priest.
The orc priest is severely wounded.
The orc priest looks braver for a moment.
The worm bites you.
You shoot an arrow.
The arrow closely misses the orc priest.
The orc priest mumbles some strange prayers to Beogh against you.
Pain shoots through your body!
You die...

....# #.#
....# #.#
....# #.#
##### #.#
##### #.#
#¤¤¤# #.#
#¤#¤# #.#
###¤# #w# #¤#
#@# #¤# #o#
#¤# #.#
#.#########.##
#¤¤..........#
##############


You could see a worm and an orc priest.

Vanquished Creatures
  3 adders (D:2)
  2 worms (D:2)
  A dart slug (D:2)
  2 orcs (D:2)
  6 ball pythons
  9 bats
  4 endoplasms
  3 giant cockroaches
  7 goblins
  6 hobgoblins
  5 jackals (D:1)
  2 quokkas (D:2)
  6 frilled lizards
  11 kobolds
  6 rats
73 creatures vanquished.

Notes
Turn   | Place    | Note
-------+----------+-------------------------------------------
     0 | D:1      | qw the Deep Elf Hunter began the quest for the Orb.
     0 | D:1      | Reached XP level 1. HP: 12/12 MP: 3/3
     0 | D:1      | 0 ||| qw: Version: 0.3-a-9-g12657ce
     0 | D:1      | 0 ||| qw: Game counter: 2487
     0 | D:1      | 0 ||| qw: Always use a shield: true
     0 | D:1      | 0 ||| qw: God list: Okawaru
     0 | D:1      | 0 ||| qw: Allow faded altars: false
     0 | D:1      | 0 ||| qw: Do Orc after D:15 true
     0 | D:1      | 0 ||| qw: Do second Lair branch before Depths: true
     0 | D:1      | 0 ||| qw: Lair rune preference: random
     0 | D:1      | 0 ||| qw: Plans: Normal
     0 | D:1      | 0 ||| PLANNING D:1-11
   108 | D:1      | Reached XP level 2. HP: 16/16 MP: 4/4
   109 | D:1      | Reached skill level 6 in Ranged Weapons
   433 | D:1      | Found a faded altar of an unknown god.
   454 | D:1      | Found Duurghuush's Distillery.
   462 | D:1      | 462 ||| SHOPLISTING potion of haste (140 gold, have 31).
   462 | D:1      | 462 ||| SHOPLISTING potion of heal wounds (70 gold, have
                  | 31).
   462 | D:1      | 462 ||| SHOPLISTING potion of resistance (140 gold, have
                  | 31).
   662 | D:1      | Reached XP level 3. HP: 20/20 MP: 5/5
   787 | D:1      | 787 ||| UPGRADING to scarf of repulsion.
   792 | D:1      | 792 ||| READING scroll labelled YTHOUDWAIN.
   797 | D:1      | 797 ||| READING scroll labelled TAYNYSORYU.
   798 | D:1      | 798 ||| DROPPING scroll of butterflies.
   867 | D:2      | Reached skill level 7 in Ranged Weapons
  1200 | D:2      | Reached XP level 4. HP: 25/25 MP: 6/6
  1504 | D:2      | Reached skill level 8 in Ranged Weapons
  1669 | D:2      | 1669 ||| UPGRADING to +0 ring mail.
  1679 | D:2      | 1679 ||| DROPPING +0 leather armour.
  1680 | D:2      | 1680 ||| READING 2 scrolls labelled XORIUST WUSILO.
  1681 | D:2      | 1681 ||| READING scroll labelled ZEFIPO OH HIHI.
  1682 | D:2      | 1682 ||| READING scroll labelled YGAXIOSMABY.
  1683 | D:2      | 1683 ||| READING 2 scrolls labelled BIOSI JOXT.
  1684 | D:2      | 1684 ||| DRINKING 2 grey potions.
  1685 | D:2      | 1685 ||| DROPPING scroll of fear.
  1708 | D:3      | 1708 ||| STAIRDANCE
  1795 | D:3      | 1795 ||| STAIRDANCE
  1801 | D:2      | HP: 6/25 [worm (3)]
  1802 | D:2      | Killed from afar by an orc priest

Levels and vault maps discovered:
D:1:      ncdulo_watergridlock, layout_basic,
          hellmonk_ecumenical_altar_inner_sanctum, serial_shops, shop
D:2:      minmay_thinvault, layout_basic
D:3:      layout_basic, lemuel_doored_altar

Skill      XL: |  1  2  3  4 |
---------------+-------------+-----
Ranged Weapons | 6 7 8 |  8.1
Fighting       | |  1.5
Dodging        | |  2.4
Stealth        | |  1.2

Action                     |  1- 3 |  4- 6 || total
---------------------------+-------+-------++-------
   Fire: Shortbow          |   115 |    79 ||   194
    Use: Scroll            |     2 |     4 ||     6
         Potion            |       |     1 ||     1
 Armour: Leather armour    |    16 |     7 ||    23
         Ring mail         |       |     6 ||     6
  Dodge: Dodged            |    31 |    15 ||    46
         Repelled          |     1 |       ||     1

Table legend:
 A = Non-vault XP
 B = Vault XP
 C = Vault XP percentage of total XP
 D = Non-vault monster count
 E = Vault monster count
 F = Vault count percentage of total count
                 A         B        C        D         E       F
            +---------+---------+-------+---------+---------+-------
      Total |     115 |      48 |  29.4 |      54 |      19 |  26.0
            +---------+---------+-------+---------+---------+-------
        D:1 |      45 |       0 |   0.0 |      27 |       0 |   0.0
        D:2 |      70 |      48 |  40.7 |      27 |      19 |  41.3
            +---------+---------+-------+---------+---------+-------
